 Dungeon Crawl Stone Soup version 0.24-a0-736-g4e6fe308c7 (webtiles) character file.

Game seed: 17029404438820474013, levelgen mode: deterministic

43 Kohma the Conjurer (level 3, -2/28 HPs)
             Began as a Draconian Conjurer on Oct 2, 2019.
             Slain by a worm (6 damage)
             ... on level 2 of the Dungeon.
             The game lasted 00:05:52 (2055 turns).

Kohma the Conjurer (Draconian Conjurer)             Turns: 2055, Time: 00:05:53

Health: -2/28      AC:  5    Str: 10    XL:     3   Next: 37%
Magic:  0/6        EV: 12    Int: 16    God:
Gold:   149        SH:  0    Dex: 11    Spells: 3/6 levels left

rFire    . . .     SeeInvis .   c - +0 short sword
rCold    . . .     Gourm    .   (no shield)
rNeg     . . .     Faith    .   (armour unavailable)
rPois    .         Spirit   .   (helmet restricted)
rElec    .         Reflect  .   (no cloak)
rCorr    .         Harm     .   (no gloves)
MR       .....                  (no boots)
Stlth    ++........             (no amulet)
HPRegen  0.09/turn              (no ring)
MPRegen  0.10/turn              (no ring)

@: no status effects
A: unfitting armour, cold-blooded, AC +5
a: no special abilities


You were on level 2 of the Dungeon.
You were hungry.

You visited 1 branch of the dungeon, and saw 2 of its levels.

You collected 149 gold pieces.

Inventory:

Hand Weapons
 a - a cursed -1 hunting sling
 c - a +0 short sword (weapon)
 l - a +0 hunting sling
Missiles
 g - 47 stones (quivered)
 i - 19 bolts
Scrolls
 d - 3 scrolls of identify {unknown}
 h - a scroll of noise {unknown}
Potions
 e - 2 potions of curing {unknown}
 j - a potion of flight {unknown}
 k - a potion of magic {unknown}
Comestibles
 b - 5 rations
 f - a chunk of flesh


   Skills:
 + Level 1.5 Fighting
 - Level 1.7 Dodging
 - Level 1.7 Stealth
 + Level 2.4 Spellcasting
 * Level 4.6 Conjurations


You had 3 spell levels left.
You knew the following spells:

 Your Spells              Type           Power        Failure   Level  Hunger
a - Magic Dart            Conj           ###.         3%          1    #......
b - Searing Ray           Conj           ###...       4%          2    ###....

Your spell library contained the following spells:

 Spells                   Type           Power        Failure   Level  Hunger
 Dazzling Spray           Conj/Hex       #.....       22%         3    ###....
 Iskenderun's Mystic Bla  Conj           ###.....     28%         4    #####..
 Force Lance              Conj/Tloc      #.......     58%         4    #####..
 Fulminant Prism          Conj/Hex       #.........   58%         4    #####..


Dungeon Overview and Level Annotations

Branches:
Dungeon (2/15)

Altars:
Nemelex Xobeh


Innate Abilities, Weirdness & Mutations

Your plain brown scales are hard. (AC +5)
You cannot fit into any form of body armour.
You are cold-blooded and may be slowed by cold attacks.


Message History

The magic dart hits the worm.
The worm is severely wounded.
Casting: Magic Dart (safe; 3% risk of failure)
Confirm with . or Enter, or press ? or * to list all spells.
Aiming: Magic Dart (safe; 3% risk of failure)
Press: ? - help, Shift-Dir - straight line, f/p - worm
Aim: a worm (severely wounded)
The magic dart hits the worm.
The worm is severely wounded.
The worm bites you!
* * * LOW HITPOINT WARNING * * *
Casting: Magic Dart (safe; 3% risk of failure)
Confirm with . or Enter, or press ? or * to list all spells.
Aiming: Magic Dart (safe; 3% risk of failure)
Press: ? - help, Shift-Dir - straight line, f/p - worm
Aim: a worm (severely wounded)
The magic dart hits the worm.
The worm is severely wounded.
The worm bites you.
You die...

#.......###....
####.##.......)
##...#.#......
#####.###..#
#.##.
.###.....# #..#
#
#........###.##
$......†....##
####......##
#.....@...#
#.##.##w..# #..
#...#
..._......#
..#...#.#..#
...##w##.#..#
.. ... ..#...
.. ####....
..#..


You could see a worm.

Vanquished Creatures
  An adder zombie (D:1)
  A worm (D:1)
  2 dart slugs (D:1)
  A leopard gecko (D:1)
  A ball python (D:1)
  2 giant cockroaches (D:1)
  5 hobgoblins (D:1)
  3 kobolds
  6 bats
  3 frilled lizards
  A goblin (D:2)
  A leopard gecko zombie (D:1)
  7 rats
34 creatures vanquished.

Notes
Turn   | Place    | Note
-------+----------+-------------------------------------------
     0 | D:1      | Kohma the Draconian Conjurer began the quest for the Orb.
     0 | D:1      | Reached XP level 1. HP: 14/14 MP: 3/3
   577 | D:1      | Reached XP level 2. HP: 22/22 MP: 1/5
   709 | D:1      | Reached skill level 1 in Fighting
  1174 | D:1      | Reached XP level 3. HP: 28/28 MP: 4/6
  1693 | D:1      | HP: 1/28 [worm (4)]
  1997 | D:1      | Learned a level 2 spell: Searing Ray
  2035 | D:2      | Found a sparkling altar of Nemelex Xobeh.
  2055 | D:2      | Slain by a worm

Levels and vault maps discovered:
D:1:      saegor_arrival_fortress, layout_basic
D:2:      layout_loops_cross, nicolae_overflow_crystal_walls,
          lemuel_round_altar, uniq_natasha

Skill      XL: |  1  2 |
---------------+-------+-----
Fighting       | 1 |  1.5
Dodging        | |  1.7
Stealth        | |  1.7
Spellcasting   | |  2.4
Conjurations   | |  4.6

Action                   || total
-------------------------++-------
Melee: Unarmed           ||    15
       Short sword       ||    29
       Tailslap          ||     4
 Cast: Magic Dart        ||    78
  Use: Scroll            ||     1
  Eat: Chunk             ||     4
Armor: Skin              ||    20
Dodge: Dodged            ||    40

Table legend:
 A = Non-vault XP
 B = Vault XP
 C = Vault XP percentage of total XP
 D = Non-vault monster count
 E = Vault monster count
 F = Vault count percentage of total count
                 A         B        C        D         E       F
            +---------+---------+-------+---------+---------+-------
      Total |      56 |       6 |   9.7 |      32 |       2 |   5.9
            +---------+---------+-------+---------+---------+-------
        D:1 |      48 |       6 |  11.1 |      25 |       2 |   7.4
        D:2 |       8 |       0 |   0.0 |       7 |       0 |   0.0
            +---------+---------+-------+---------+---------+-------
